[Event "North American U20 Girls 2019"]
[Site "Charlotte"]
[Date "2019.06.30"]
[Round "9.4"]
[White "Ehsani, Yassamin"]
[Black "Zeng, Sheena"]
[Result "1/2-1/2"]
[ECO "C00"]
[WhiteElo "1866"]
[BlackElo "1964"]
[Annotator "NA"]
[PlyCount "155"]
[EventDate "2019.06.27"]
[EventType "swiss"]
[EventCountry "USA"]
[SourceTitle "playchess.com"]
[Source "ChessBase"]
[SourceQuality "1"]
[TimeControl "5400+30"]

1. e4 e6 2. d3 d5 3. Nd2 Nf6 4. g3 c5 5. Bg2 Nc6 6. Ngf3 Be7 7. O-O O-O 8. e5 Nd7 9. Re1 b5 10. Nf1 b4 11. Bf4 a5 12. h4 a4 13. a3 bxa3 14. bxa3 Rb8 15. Ne3 Nd4 16. Ng4 Rb2 17. Nxd4 cxd4 18. Qc1 Rb6 19. Bg5 f6 20. exf6 Nxf6 21. Ne5 Qe8 22. Bh3 h6 23. Bd2 Nd7 24. Ng4 Qg6 25. Bb4 Bxb4 26. axb4 Rxb4 27. Qd2 Rb6 28. Rxa4 e5 29. Ra7 Qd6 30. Qe2 Qb8 31. Ra5 Rb5 32. Rxb5 Qxb5 33. Bg2 e4 34. dxe4 Qxe2 35. Rxe2 Nc5 36. Ne5 dxe4 37. Bxe4 Nxe4 38. Rxe4 Bf5 39. Rxd4 Bxc2 40. Rc4 Bb3 41. Rc5 Rd8 42. Kg2 Kh7 43. Ng4 Bd1 44. Ne3 Bb3 45. g4 Rf8 46. Kg3 Be6 47. Re5 Bb3 48. Rb5 Be6 49. Rb6 Rf6 50. f4 Bc8 51. Rb3 g6 52. Rc3 Bd7 53. Rc7 Rf7 54. f5 gxf5 55. gxf5 Kg7 56. Kf4 Bb5 57. Rc5 Bd3 58. Rd5 Be2 59. Rd6 Bh5 60. Nd5 Ra7 61. Ke5 Be8 62. Rb6 Bf7 63. f6+ Kh7 64. Nf4 Rd7 65. Ne6 Rd1 66. Rb7 Re1+ 67. Kf5 Rf1+ 68. Nf4 Kg8 69. Rb8+ Kh7 70. Rb4 Bg6+ 71. Ke6 Re1+ 72. Kd6 Bf7 73. Rb7 Kg8 74. Rb5 Rd1+ 75. Nd5 Kh7 76. Ke5 Re1+ 77. Kd6 Kg6 78. Rb2 1/2-1/2

[Event "North American U20 Girls 2019"]
[Site "Charlotte"]
[Date "2019.06.30"]
[Round "9.5"]
[White "Cui, Cynthia"]
[Black "Qiao, Cindy"]
[Result "1/2-1/2"]
[ECO "A18"]
[WhiteElo "1775"]
[BlackElo "1777"]
[Annotator "NA"]
[PlyCount "54"]
[EventDate "2019.06.27"]
[EventType "swiss"]
[EventCountry "USA"]
[SourceTitle "playchess.com"]
[Source "ChessBase"]
[SourceQuality "1"]
[TimeControl "5400+30"]

1. c4 e6 2. Nc3 Nf6 3. e4 d5 4. e5 Ne4 5. cxd5 Nxc3 6. bxc3 Qxd5 7. Nf3 c5 8. Be2 Nc6 9. d4 cxd4 10. cxd4 Bb4+ 11. Bd2 Qa5 12. Bxb4 Qxb4+ 13. Qd2 Qxd2+ 14. Kxd2 Ke7 15. Ke3 Nb4 16. Rhc1 Nd5+ 17. Kd2 Bd7 18. Rab1 Rab8 19. Ng5 Bc6 20. Bf3 Rhd8 21. g3 f6 22. exf6+ gxf6 23. Ne4 Rbc8 24. Ke1 b6 25. Kf1 Bb7 26. Kg2 Rxc1 27. Rxc1 Rc8 1/2-1/2